 Dungeon Sprint DCSS version 0.22.0-75-g3901e7991e (webtiles) character file.

5640 Quolop the Peltast (level 10, -13/81 HPs)
             Began as a Minotaur Fighter on Sept 13, 2018.
             Was the Champion of Makhleb.
             Killed by divine providence
             ... invoked by an orc priest
              (17 damage)
             ... while paralysed
             ... in the Dungeon (Sprint IX: "|||||||||||||||||||||||||||||").
             The game lasted 00:03:21 (1423 turns).

Quolop the Peltast (Minotaur Fighter)               Turns: 1423, Time: 00:03:22

Health: -13/81     AC: 20    Str: 23    XL:     10   Next: 46%
Magic:  9/9        EV:  2    Int:  5    God:    Makhleb [******]
Gold:   23         SH:  0    Dex: 11    Spells: 9/9 levels left

rFire    . . .     SeeInvis .   p - +2 scimitar (flame)
rCold    . . .     Gourm    .   c - +0 shield
rNeg     . . .     Faith    .   v - +0 plate armour
rPois    .         Spirit   .   (helmet restricted)
rElec    .         Reflect  .   B - +0 cloak
rCorr    .         Harm     .   C - +0 pair of gloves
MR       .....     NoTele   +   A - +0 pair of boots
Stlth    ..........             (no amulet)
HPRegen  0.23/turn              (no ring)
MPRegen  0.11/turn              (no ring)

@: paralysed, berserk cooldown, slowed
A: retaliatory headbutt, horns 2
a: Minor Destruction, Lesser Servant of Makhleb, Major Destruction, Greater
Servant of Makhleb, Renounce Religion


You were in the Dungeon.
You worshipped Makhleb.
Makhleb was exalted by your worship.
You were very hungry.

You visited 1 branch You collected 23 gold pieces.

Inventory:

Hand Weapons
 a - a +0 long sword
 p - a +2 scimitar of flaming (weapon)
Armour
 b - a +0 scale mail
 c - a +0 shield (worn)
 q - a +0 cloak
 r - a +0 pair of boots
 s - a +1 chain mail
 v - a +0 plate armour (worn)
 A - a +0 pair of boots (worn)
 B - a +0 cloak (worn)
 C - a +0 pair of gloves (worn)
Jewellery
 t - a +2 ring of protection
 u - a +2 ring of protection
 z - an uncursed ring of positive energy
Wands
 o - a wand of iceblast (10)
Scrolls
 k - 3 scrolls of blinking
 m - 3 scrolls of remove curse
 n - 2 scrolls of amnesia
 x - 2 scrolls of fear
 y - 4 scrolls of enchant armour
Potions
 d - a potion of might
 e - 7 potions of curing
 g - 3 potions of heal wounds
 h - a potion of haste
 i - 5 potions of magic
 j - 3 potions of berserk rage
 l - a potion of invisibility
 w - a potion of agility
Comestibles
 f - 11 rations


   Skills:
 + Level 5.5 Fighting
 - Level 14.0 Long Blades
 * Level 12.8 Armour
 - Level 10.9 Dodging
 + Level 18.3 Shields


You had 9 spell levels left.
You didn't know any spells.
Your spell library was empty.

Dungeon Overview and Level Annotations

Branches:
Dungeon (1/1)

Altars:
Cheibriados
Dithmenos
Elyvilon
Fedhas
Gozag
Hepliaklqana
Kikubaaqudgha
Makhleb
Nemelex Xobeh
Okawaru
Qazlal
Ru
Sif Muna
Trog
Uskayaw
Vehumet
Wu Jian
Xom
Yredelemnul
Zin
The Shining One
Beogh
Jiyva
Lugonu


Innate Abilities, Weirdness & Mutations

You reflexively headbutt those who attack you in melee.
You have a pair of horns on your head.


Message History

An orc warrior comes into view. It is wielding a war axe.
You slash the orc priest! You burn the orc priest.
The orc priest is almost dead.
You closely miss the orc priest. Your headbutt misses the orc priest.
The orc priest is almost dead.
You are no longer berserk.
You pass out from exhaustion.
You feel yourself slow down.
The orc priest hits you but does no damage.
The orc priest mumbles some strange prayers to Beogh against you.
Beogh smites you!
* * * LOW HITPOINT WARNING * * *
The orc priest hits you but does no damage. x2
The orc priest miscasts a cantrip.
The orc priest hits you but does no damage.
The orc priest barely misses you.
The orc high priest intones a terrible prayer.
The orc priest mumbles some strange prayers to Beogh against you.
Beogh smites you!
You die...

▓.▓.▓.▓_▓
▓o▓.▓.▓.▓_▓
▓.▓.▓.▓.▓_▓
▓o▓.▓†▓.▓_▓
▓o▓.▓.▓.▓_▓
▓o▓.▓.▓.▓_▓
▓o▓.▓.▓.▓_▓
▓o▓.▓.▓.▓_▓
▓@▓.▓.▓.▓'▓
▓$▓.▓.▓.▓.▓
▓)▓.▓|▓.▓.▓
▓)▓.▓.▓.▓.▓
▓.▓.▓.▓.▓.▓
▓.▓.▓.▓.▓[▓
▓.▓.▓.▓.▓)▓
▓.▓.▓.▓.▓.▓
▓.▓.▓.▓.▓.▓


You could see an orc high priest, an orc warrior, 3 orc priests and an orc.

Vanquished Creatures
  An orc knight (D)
  A gargoyle (D)
  A torpor snail (D)
  4 spiny frogs (D)
  A rime drake (D)
  A komodo dragon (D)
  A polar bear (D)
  A tyrant leech (D)
  2 blink frogs (D)
  A hippogriff (D)
  2 yaks (D)
  2 vampire mosquitoes (D)
  2 water moccasins (D)
  2 porcupines (D)
  2 orc warriors (D)
  A phantom (D)
  An ogre (D)
  A wolf (D)
  3 crocodiles (D)
  6 bullfrogs (D)
  A crimson imp (D)
  An orc priest (D)
  An adder zombie (D)
  2 adder skeletons (D)
  2 leopard geckos (D)
  4 orcs (D)
  A ball python (D)
  A bat skeleton (D)
  A goblin (D)
  A jackal (D)
  A quokka (D)
  A bat (D)
  A frilled lizard (D)
54 creatures vanquished.

Notes
Turn   | Place    | Note
-------+----------+-------------------------------------------
     0 | D        | Quolop the Minotaur Fighter began the quest for the Orb.
     0 | D        | Reached XP level 1. HP: 19/19 MP: 0/0
     5 | D        | Reached skill level 1 in Dodging
     5 | D        | Reached skill level 4 in Shields
    18 | D        | Noticed a phantom
    18 | D        | Noticed an ogre
    22 | D        | Killed an ogre
    22 | D        | Reached skill level 5 in Long Blades
    22 | D        | Reached skill level 5 in Dodging
    22 | D        | Reached skill level 7 in Shields
    22 | D        | Reached XP level 2. HP: 26/26 MP: 1/1
    22 | D        | Reached XP level 3. HP: 31/31 MP: 2/2
    22 | D        | Reached XP level 4. HP: 39/39 MP: 3/3
    57 | D        | Killed a phantom
    57 | D        | Reached skill level 9 in Shields
    57 | D        | Reached XP level 5. HP: 33/45 MP: 4/4
   143 | D        | Found a roughly hewn altar of Beogh.
   143 | D        | Found a snail-covered altar of Cheibriados.
   143 | D        | Found a shadowy altar of Dithmenos.
   143 | D        | Found a white marble altar of Elyvilon.
   143 | D        | Found a blossoming altar of Fedhas.
   143 | D        | Found an opulent altar of Gozag.
   144 | D        | Found a hazy altar of Hepliaklqana.
   145 | D        | Found a viscous altar of Jiyva.
   146 | D        | Found an ancient bone altar of Kikubaaqudgha.
   147 | D        | Found a corrupted altar of Lugonu.
   148 | D        | Found a burning altar of Makhleb.
   149 | D        | Found a sparkling altar of Nemelex Xobeh.
   150 | D        | Found an iron altar of Okawaru.
   151 | D        | Found a stormy altar of Qazlal.
   152 | D        | Found a sacrificial altar of Ru.
   153 | D        | Found a deep blue altar of Sif Muna.
   154 | D        | Found a bloodstained altar of Trog.
   155 | D        | Found a hide-covered altar of Uskayaw.
   156 | D        | Found a radiant altar of Vehumet.
   158 | D        | Became a worshipper of Makhleb the Destroyer
   160 | D        | Found an ornate altar of the Wu Jian Council.
   161 | D        | Found a shimmering altar of Xom.
   162 | D        | Found a basalt altar of Yredelemnul.
   163 | D        | Found a glowing silver altar of Zin.
   164 | D        | Found a glowing golden altar of the Shining One.
   213 | D        | Noticed a yak
   213 | D        | Noticed an orc warrior
   216 | D        | Reached skill level 10 in Shields
   232 | D        | Killed an orc warrior
   232 | D        | Reached * piety under Makhleb
   232 | D        | Reached XP level 6. HP: 19/51 MP: 5/5
   237 | D        | Reached skill level 11 in Shields
   244 | D        | Killed a yak
   244 | D        | Reached XP level 7. HP: 24/57 MP: 6/6
   245 | D        | Reached ** piety under Makhleb
   432 | D        | Noticed a gargoyle
   433 | D        | Reached skill level 10 in Long Blades
   444 | D        | Killed a gargoyle
   444 | D        | Reached *** piety under Makhleb
   444 | D        | Reached skill level 10 in Dodging
   444 | D        | Reached skill level 12 in Shields
   813 | D        | Noticed a yak
   813 | D        | Noticed a hippogriff
   813 | D        | Noticed a komodo dragon
   817 | D        | Reached XP level 8. HP: 64/64 MP: 7/7
   819 | D        | Noticed a blink frog
   828 | D        | Killed a komodo dragon
   828 | D        | Reached **** piety under Makhleb
   828 | D        | Reached skill level 13 in Shields
   834 | D        | Killed a hippogriff
   840 | D        | Reached skill level 5 in Armour
   841 | D        | Noticed a spiny frog
   853 | D        | Reached skill level 14 in Shields
   865 | D        | Killed a spiny frog
   865 | D        | Reached ***** piety under Makhleb
   865 | D        | Reached XP level 9. HP: 52/70 MP: 8/8
  1062 | D        | Noticed a polar bear
  1062 | D        | Noticed a torpor snail
  1062 | D        | Noticed a rime drake
  1066 | D        | Killed a rime drake
  1066 | D        | Reached skill level 15 in Shields
  1070 | D        | Killed a torpor snail
  1077 | D        | Reached skill level 16 in Shields
  1091 | D        | Killed a polar bear
  1091 | D        | Reached skill level 10 in Armour
  1098 | D        | Reached ****** piety under Makhleb
  1112 | D        | Noticed a spiny frog
  1112 | D        | Noticed a spiny frog
  1118 | D        | Noticed a spiny frog
  1122 | D        | Killed a spiny frog
  1122 | D        | Reached skill level 17 in Shields
  1122 | D        | Reached XP level 10. HP: 72/77 MP: 9/9
  1148 | D        | Killed a spiny frog
  1155 | D        | Killed a spiny frog
  1155 | D        | Reached skill level 18 in Shields
  1171 | D        | Reached skill level 5 in Fighting
  1385 | D        | Noticed an orc knight
  1408 | D        | Killed an orc knight
  1412 | D        | Noticed an orc high priest
  1420 | D        | HP: 3/81 [orc priest/divine providence (9)]
  1423 | D        | Killed from afar by an orc priest

Skill      XL: |  1  2  3  4  5  6  7  8  9 10 |
---------------+-------------------------------+-----
Dodging        | 5 6 8 9 10 | 10.9
Shields        | 7 9 10 11 12 14 17 18 | 18.3
Long Blades    | 5 6 8 9 11 14 | 14.0
Armour         | 6 11 12 | 12.8
Fighting       | 5 |  5.5

Action                   |  1- 3 |  4- 6 |  7- 9 | 10-12 || total
-------------------------+-------+-------+-------+-------++-------
Melee: Long sword        |    12 |    21 |       |       ||    33
       Headbutt          |     3 |     7 |    30 |    11 ||    51
       Scimitar          |       |    30 |   118 |    77 ||   225
  Use: Potion            |       |       |       |     1 ||     1
  Eat: Chunk             |       |       |     1 |       ||     1
Armor: Scale mail        |     3 |     5 |       |       ||     8
       Chain mail        |       |     5 |       |       ||     5
       Plate armour      |       |       |    26 |    11 ||    37
Dodge: Dodged            |     4 |    18 |    30 |    14 ||    66
Block: Shield            |     8 |    20 |    56 |    28 ||   112
       Rpst.: Long sword |       |     2 |       |       ||     2
       Scimitar          |       |     3 |    11 |     4 ||    18
